 Dungeon Crawl Stone Soup version 0.24.0-41-g2ae2f7f1be (webtiles) character file.

Game seed: 7096384059985322839, levelgen mode: deterministic

3579 H0rd4k the Thaumaturge (level 9, -3/46 HPs)
             Began as a Deep Elf Wizard on Dec 11, 2019.
             Shot with an arrow by a centaur warrior (28 damage)
             ... on level 8 of the Dungeon on Dec 12, 2019.
             The game lasted 00:24:08 (9030 turns).

H0rd4k the Thaumaturge (Deep Elf Wizard)            Turns: 9030, Time: 00:24:09

Health: -3/46      AC:  3    Str:  4    XL:     9   Next: 84%
Magic:  19/27      EV: 14    Int: 27    God:
Gold:   191        SH:  0    Dex: 13    Spells: 24/33 levels left

rFire    . . .     SeeInvis .   h - +1 spear (pierce)
rCold    . . .     Gourm    .   (no shield)
rNeg     . . .     Faith    .   a - +0 robe
rPois    .         Spirit   .   b - +1 hat
rElec    .         Reflect  .   (no cloak)
rCorr    .         Harm     .   (no gloves)
MR       .....                  (no boots)
Stlth    ++++......             (no amulet)
HPRegen  0.15/turn              j - ring of stealth
MPRegen  0.20/turn              y - ring of flight

@: no status effects
A: no striking features
a: Evoke Flight


You were on level 8 of the Dungeon.
You were hungry.

You visited 2 branches of the dungeon, and saw 9 of its levels.

You collected 488 gold pieces.
You spent 297 gold pieces at shops.

Inventory:

Hand Weapons
 h - a +1 spear of piercing (weapon)
 t - the +6 short sword "Jocvan" {pierce, +Inv Dex+4 Stlth-}
   (You bought it in a shop on level 7 of the Dungeon)

   It inflicts extra damage upon your enemies.
   It affects your dexterity (+4).
   It lets you turn invisible.
   It makes you less stealthy.
Missiles
 f - 51 poisoned darts (quivered)
Armour
 a - a +0 robe (worn)
 b - a +1 hat (worn)
Jewellery
 j - a ring of stealth (left hand)
 y - a ring of flight (right hand)
 A - an uncursed ring of protection from fire
Wands
 c - a wand of random effects (9)
 q - a wand of iceblast (7)
 x - a wand of flame (22)
Scrolls
 e - 3 scrolls of identify
 g - 6 scrolls of teleportation
 i - 2 scrolls of remove curse
 m - a scroll of fog
 o - a scroll of amnesia
 B - a scroll of blinking {unknown}
 C - a scroll of summoning {unknown}
Potions
 k - 7 potions of curing
 l - 2 potions of flight
 n - a potion of lignification
 p - a potion of cancellation
 r - a potion of might
 s - 2 potions of magic {unknown}
 u - 2 potions of degeneration {unknown}
 v - a potion of heal wounds
 w - a potion of agility {unknown}
 z - a potion of haste {unknown}
Comestibles
 d - 16 rations


   Skills:
 + Level 0.4 Fighting
 + Level 4.5 Dodging
 + Level 4.6 Stealth
 + Level 12.7 Spellcasting
 + Level 9.0 Conjurations
   Level 1.1 Summonings
 + Level 3.2 Translocations
 + Level 2.8 Fire Magic
 + Level 1.1 Air Magic
 + Level 1.5 Poison Magic


You had 24 spell levels left.
You knew the following spells:

 Your Spells              Type           Power        Failure   Level  Hunger
a - Magic Dart            Conj           ####         1%          1    None
b - Blink                 Tloc           N/A          1%          2    None
c - Conjure Flame         Conj/Fire      #####...     1%          3    None
d - Mephitic Cloud        Conj/Pois/Air  #####...     1%          3    None

Your spell library contained the following spells:

 Spells                   Type           Power        Failure   Level  Hunger
 Call Imp                 Summ           ###.....     3%          2    None
 Slow                     Hex            ###.....     4%          2    None


Dungeon Overview and Level Annotations

Branches:
Dungeon (8/15)             Temple (1/1) D:5
   Lair: D:8-11

Altars:
Ashenzari
Cheibriados
Dithmenos
Elyvilon
Fedhas
Gozag
Hepliaklqana
Kikubaaqudgha
Makhleb
Okawaru
Qazlal
Ru
Sif Muna
Trog
Uskayaw
Vehumet
Wu Jian
Xom
Zin
The Shining One

Shops:
D:7 (!(((

Annotations:
D:2 1 runed translucent door, Crazy Yiuf
D:4 Menkaure
D:5 exclusion: 2 downstairs
D:6 exclusion: downstairs
D:8 Gastronok


Message History

You see here 14 gold pieces.
A centaur warrior comes into view.
The centaur warrior shouts!
The acid dragon roars!
The centaur warrior wields a +0 shortbow.
The centaur warrior shoots an arrow.
The arrow hits you!!
Found 19 gold pieces.
You see here an arrow.
Unknown command.
Casting: Conjure Flame (safe; 1% risk of failure)
Confirm with . or Enter, or press ? or * to list all spells.
Aiming: Mephitic Cloud (safe; 1% risk of failure)
Press: ? - help, Shift-Dir - straight line, f - centaur warrior
Aim: a centaur warrior, wielding a +0 shortbow The ball explodes into a vile cloud!
The stinking cloud engulfs the centaur warrior but does no damage.
The stinking cloud engulfs the acid dragon but does no damage.
The centaur warrior is engulfed in noxious fumes.
The centaur warrior shoots an arrow.
The arrow hits you!!
Ouch! That really hurt!
You die...

#...#####'####.#####....#...
#####.....##.### .##...#...
........#.. ..######+#
........#.# ###.# ..
........#.#####.#.# ..
........#.#$##.#..# ..
##....###Dc #.###.# .. #....
#§####.#..# .. #@§.#.###.#
.. ##$#.#.#..# .. ########.#
.# +# #....#...#...##
#....#..........
#....'.......##..
#....##+###..##..
#.....#.#######..
#.....'......#...


You could see a centaur warrior and an acid dragon.

Vanquished Creatures
  Pikel (D:6)
  A hippogriff (D:7)
  Eustachio (D:5)
  2 orc warriors
  A slave (D:5)
  An ice beast (D:6)
  3 sky beasts
  5 centaurs
  An ogre (D:4)
  A crocodile (D:7)
  A bullfrog (D:6)
  A big kobold (D:8)
  2 scorpions
  A howler monkey (D:5)
  6 crimson imps
  A quasit (D:7)
  A jelly (D:6)
  3 orc priests
  A centaur skeleton (D:4)
  3 hounds
  9 orc wizards
  2 bullfrog skeletons
  4 iguanas
  A gnoll shaman (D:5)
  Terence (D:3)
  8 worker ants
  A hound zombie (D:6)
  2 hound skeletons
  2 worker ant zombies
  9 adders
  3 shadow imps
  An adder zombie (D:8)
  4 adder skeletons
  2 worms
  3 dart slugs
  34 orcs
  7 giant cockroaches
  11 goblins
  7 hobgoblins
  3 quokkas
  2 ball pythons (D:3)
  7 bats
  6 frilled lizards
  15 kobolds
  A leopard gecko skeleton (D:4)
  A quokka skeleton (D:4)
  10 rats
193 creatures vanquished.

Notes
Turn   | Place    | Note
-------+----------+-------------------------------------------
     0 | D:1      | H0rd4k the Deep Elf Wizard began the quest for the Orb.
     0 | D:1      | Reached XP level 1. HP: 10/10 MP: 7/7
   245 | D:1      | Reached XP level 2. HP: 15/15 MP: 4/9
   615 | D:1      | Reached skill level 5 in Spellcasting
  1157 | D:2      | Reached XP level 3. HP: 19/19 MP: 3/11
  1169 | D:2      | Learned a level 2 spell: Blink
  1173 | D:2      | Learned a level 3 spell: Conjure Flame
  1177 | D:2      | Learned a level 3 spell: Mephitic Cloud
  1219 | D:2      | Found an ornate altar of the Wu Jian Council.
  1263 | D:2      | Found a hazy altar of Hepliaklqana.
  1726 | D:2      | Found a runed translucent door.
  1727 | D:2      | Noticed Crazy Yiuf
  1874 | D:2      | Found a sacrificial altar of Ru.
  2320 | D:3      | Reached XP level 4. HP: 24/24 MP: 10/13
  2860 | D:3      | Reached skill level 6 in Spellcasting
  2860 | D:3      | Reached XP level 5. HP: 28/28 MP: 8/15
  2987 | D:3      | Noticed Terence
  2992 | D:3      | Killed Terence
  3079 | D:3      | Found a blossoming altar of Fedhas.
  3181 | D:3      | Found a shimmering altar of Xom.
  3198 | D:3      | Reached skill level 7 in Spellcasting
  3236 | D:3      | Reached XP level 6. HP: 32/32 MP: 11/18
  3410 | D:4      | Reached skill level 1 in Fire Magic
  3587 | D:4      | Found an iron altar of Okawaru.
  3592 | D:4      | Noticed Menkaure
  3681 | D:4      | Reached XP level 7. HP: 36/36 MP: 14/20
  3844 | D:4      | Found a glowing golden altar of the Shining One.
  3883 | D:4      | Found a stormy altar of Qazlal.
  3930 | D:4      | Reached skill level 8 in Spellcasting
  4219 | D:5      | Entered Level 5 of the Dungeon
  4549 | D:5      | Reached skill level 9 in Spellcasting
  4549 | D:5      | Reached skill level 5 in Conjurations
  4679 | D:5      | Found a staircase to the Ecumenical Temple.
  4930 | D:5      | Reached XP level 8. HP: 34/41 MP: 8/23
  5465 | Temple   | Entered the Ecumenical Temple
  5605 | D:6      | Noticed Pikel
  5610 | D:6      | Noticed Eustachio
  5892 | D:6      | Reached skill level 10 in Spellcasting
  5949 | D:6      | Found a radiant altar of Vehumet.
  6037 | D:5      | Killed Eustachio
  6362 | D:6      | HP: 2/41 [orc warrior/+0 halberd of pain (21)]
  6717 | D:6      | Killed Pikel
  6717 | D:6      | Reached skill level 11 in Spellcasting
  6717 | D:6      | Reached skill level 1 in Poison Magic
  6717 | D:6      | Reached XP level 9. HP: 45/45 MP: 14/26
  7341 | D:7      | Found Xitwod's Distillery.
  7341 | D:7      | Found Koisutan's Antique Weapon Emporium.
  7350 | D:7      | Bought a crystal short sword for 232 gold pieces
  7368 | D:7      | Bought a potion of heal wounds for 65 gold pieces
  7413 | D:7      | Found a hide-covered altar of Uskayaw.
  7535 | D:7      | Identified the +6 short sword "Jocvan" {pierce, +Inv Dex+4
                  | Stlth-} (You bought it in a shop on level 7 of the Dungeon)
  7690 | D:7      | Found Obuadgh's Antique Weapon Boutique.
  7711 | D:7      | Found Sutypaso's Weapon Boutique.
  7825 | D:7      | Reached skill level 1 in Air Magic
  7861 | D:7      | Reached skill level 12 in Spellcasting
  8164 | D:7      | Found Suolamei's Antique Weapon Emporium.
  8880 | D:8      | Noticed Gastronok
  9029 | D:8      | Noticed a centaur warrior
  9030 | D:8      | Shot with an arrow by a centaur warrior

Levels and vault maps discovered:
D:1:      erik_arrival_cave_to_civilisation [erik_arrival_cave_to_hall],
          layout_loops_ring, chequers_serial_rivers_small_b
D:2:      layout_loops_ring, lemuel_doored_altar, lemuel_crystal_altar,
          overflow_temple_1_default, uniq_crazy_yiuf_cottage
D:3:      layout_basic, led_xom_imps, overflow_temple_1_default, first_ration,
          uniq_terence
D:4:      cheibrodos_helix_gallery, layout_cave_pools, okawaru_trees_1,
          kennysheep_mini, nicolae_tso_swordbearing_angel,
          minmay_quadrilaterals, uniq_menkaure
D:5:      layout_loops_ring, minmay_temple_entry_stoned_glass,
          kennysheep_generic_room_16
D:6:      layout_cave_pools, kennysheep_little_box, uniq_eustachio, uniq_pikel
D:7:      lemuel_upstairs_altar, layout_basic, lemuel_round_altar,
          serial_rivers, chequers_serial_rivers_room_b,
          chequers_serial_rivers_small_b, chequers_serial_rivers_small_3,
          chequers_serial_rivers_room_b, chequers_serial_rivers_micro_b,
          serial_shops, shop, shop, shop, shop, shop_fountains,
          minmay_shattered_shrine
D:8:      layout_gridville, nicolae_overflow_hidden_temple, minmay_small_thing,
          uniq_joseph, uniq_gastronok
Temple:   eino_temple_lava

Skill      XL: |  1  2  3  4  5  6  7  8  9 |
---------------+----------------------------+-----
Dodging        | 3 4 |  4.5
Spellcasting   | 5 6 7 9 11 12 | 12.7
Conjurations   | 2 3 4 5 7 9 |  9.0
Stealth        | 3 4 |  4.6
Fire Magic     | 1 2 |  2.8
Translocations | 2 3 |  3.2
Poison Magic   | 1 |  1.5
Air Magic      | 1 |  1.1
Fighting       | |  0.4
Summonings     | |  1.1

Action                   |  1- 3 |  4- 6 |  7- 9 || total
-------------------------+-------+-------+-------++-------
 Cast: Magic Dart        |   123 |   107 |   442 ||   672
       Conjure Flame     |       |     5 |    36 ||    41
       Blink             |       |     1 |    12 ||    13
       Mephitic Cloud    |       |     1 |    22 ||    23
  Use: Scroll            |       |       |    12 ||    12
  Eat: Chunk             |     3 |     5 |    12 ||    20
       Ration            |       |       |     1 ||     1
Armor: Robe              |       |       |     6 ||     6
Dodge: Dodged            |    18 |     6 |    76 ||   100
